 Dungeon Crawl Stone Soup version 0.19.0-22-gd96e5fe (webtiles) character file.

121 Rrauwl the Digger (level 5, -6/38 HPs)
             Began as a Formicid Earth Elementalist on Nov 18, 2016.
             Mangled by Zaque's ghost (7 damage)
             ... on level 3 of the Dungeon.
             The game lasted 00:19:36 (1896 turns).

Rrauwl the Digger (Formicid Earth Elementalist)     Turns: 1896, Time: 00:19:36

Health: -6/38      AC:  2    Str: 12    XL:     5   Next: 26%
Magic:  2/9        EV: 12    Int: 15    God:
Gold:   77         SH:  2    Dex: 12    Spells: 1 memorised, 7 levels left

rFire  . . .     SeeInvis +     g - +1 hand axe
rCold  . . .     Gourm    .     c - +0 robe
rNeg   . . .     Faith    .     (no shield)
rPois  .         Spirit   .     (helmet unavailable)
rElec  .         Reflect  +     (no cloak)
rCorr  .         Harm     .     (no gloves)
MR     .....                    (no boots)
Stlth  ++........               o - +2 amulet of reflection
                                (no ring)
                                (no ring)

@: no status effects
A: permanent stasis, dig shafts and tunnels, four strong arms, antennae 3
a: Dig, Shaft Self


You were on level 3 of the Dungeon.
You were not hungry.

You visited 1 branch of the dungeon, and saw 3 of its levels.

You collected 77 gold pieces.

Inventory:

Hand Weapons
 g - a +1 hand axe (weapon)
 m - a +0 hunting sling
Missiles
 b - 73 stones (quivered)
 p - 15 arrows
Armour
 c - a +0 robe (worn)
Jewellery
 o - a +2 amulet of reflection (around neck)
Scrolls
 a - a scroll of fear
 j - a scroll of recharging
 k - 2 scrolls of remove curse
 n - 2 scrolls of identify
Books
 e - a book of Geomancy

   Spells                             Type                      Level
   a - Sandblast                      Earth                        1
   b - Passwall                       Transmutation/Earth          2
   c - Stone Arrow                    Conjuration/Earth            3
   d - Petrify                        Transmutation/Earth          4
   e - Lee's Rapid Deconstruction     Earth                        5
Comestibles
 d - 3 bread rations
 f - a meat ration
 h - 2 slices of pizza
 l - 4 fruits


   Skills:
 + Level 2.0 Fighting
 + Level 2.3 Axes
 - Level 2.0 Dodging
 - Level 3.0 Stealth
 - Level 3.0 Spellcasting
   Level 1.1 Transmutations
 - Level 4.0 Earth Magic


You had 7 spell levels left.
You knew the following spells:

 Your Spells              Type           Power        Failure   Level  Hunger
a - Stone Arrow           Conj/Erth      #.....       30%         3    ###....


Dungeon Overview and Level Annotations

Branches:
Dungeon (3/15)

Altars:

Annotations:
D:3 Zaque's ghost, amateur DsAK


Innate Abilities, Weirdness & Mutations

You are under a permanent stasis effect.
You can dig through walls and to a lower floor.
Your four strong arms can wield two-handed weapons with a shield.
You have a pair of large antennae on your head. (SInv)


Message History

Aim: Zaque's ghost (moderately damaged)
The stone arrow misses Zaque's ghost.
You barely miss Zaque's ghost.
Zaque's ghost is moderately damaged.
Zaque's ghost completely misses you.
You hit Zaque's ghost.
Zaque's ghost is moderately damaged.
Zaque's ghost hits you.
You hit Zaque's ghost.
Zaque's ghost is moderately damaged.
Zaque's ghost hits you.
* * * LOW HITPOINT WARNING * * *
You hit Zaque's ghost.
Zaque's ghost is moderately damaged.
Zaque's ghost hits you!
* * * LOW HITPOINT WARNING * * *
As you read the scroll of fear, it crumbles to dust.
You assume a fearsome visage.
Zaque's ghost is unaffected.
Zaque's ghost hits you!
You die...

.....# #.........# .....#
#.........# .....#
#.........# .....#
#.........# .. .....#
######'#### ....
.....########.##### ...
..........).......#+##.####
####......#####W...........
#......# #.@..........
#......# #............
#......# #............
#......# #####..#.###
#......# ###..# # #......#
#....# #......# #.#.##
#......# #.#....# ########
#####.######


You could see Zaque's ghost.

Vanquished Creatures
  A centaur skeleton (D:3)
  Natasha (D:3)
  An adder (D:2)
  2 oozes (D:1)
  2 worms
  A dart slug (D:1)
  5 giant cockroaches
  6 goblins
  5 hobgoblins
  3 jackals (D:1)
  3 kobolds
  8 bats
  2 frilled lizards
  6 rats
46 creatures vanquished.

Notes
Turn   | Place    | Note
-------+----------+-------------------------------------------
     0 | D:1      | Rrauwl the Formicid Earth Elementalist began the quest for the Orb.
     0 | D:1      | Reached XP level 1. HP: 13/13 MP: 3/3
   119 | D:1      | Reached XP level 2. HP: 19/19 MP: 5/5
   166 | D:1      | Reached skill level 4 in Earth Magic
   385 | D:1      | Reached XP level 3. HP: 14/24 MP: 3/6
   399 | D:1      | Reached skill level 1 in Axes
  1113 | D:2      | Learned a level 3 spell: Stone Arrow
  1245 | D:2      | Reached XP level 4. HP: 30/30 MP: 1/8
  1759 | D:3      | Noticed Natasha
  1763 | D:3      | Killed Natasha
  1763 | D:3      | Reached skill level 1 in Fighting
  1859 | D:3      | Reached XP level 5. HP: 14/38 MP: 3/9
  1880 | D:3      | Noticed Zaque's ghost (amateur DsAK)
  1895 | D:3      | HP: 1/38 [Zaque's ghost (10)]
  1896 | D:3      | Mangled by Zaque's ghost

Skill      XL: |  1  2  3  4 |
---------------+-------------+-----
Earth Magic    | 4 |  4.0
Dodging        | 2 |  2.0
Axes           | 1 2 |  2.3
Stealth        | 3 |  3.0
Fighting       | 2 |  2.0
Spellcasting   | 3 |  3.0
Transmutations | |  1.1

Action                   |  1- 3 |  4- 6 || total
-------------------------+-------+-------++-------
Melee: Unarmed           |    10 |       ||    10
       Hand axe          |    86 |    32 ||   118
 Cast: Sandblast         |    46 |       ||    46
       Stone Arrow       |     2 |    10 ||    12
  Use: Scroll            |     7 |     1 ||     8
       Potion            |     2 |     1 ||     3
 Stab: Sleeping          |     3 |       ||     3
  Eat: Chunk             |     2 |     1 ||     3
       Royal jelly       |       |     1 ||     1
Armor: Robe              |    34 |     2 ||    36
Dodge: Dodged            |    74 |    16 ||    90
Block: Other             |     6 |     3 ||     9
